 Dungeon Sprint DCSS version 0.21.2 (webtiles) character file.

2214 Fang the Cleaver (level 9, -13/65 HPs)
             Began as a Gargoyle Berserker on Sept 25, 2018.
             Was the Champion of Trog.
             Mangled by a spiny frog (17 damage)
             ... in the Dungeon (Sprint IX: "|||||||||||||||||||||||||||||").
             The game lasted 00:01:24 (691 turns).

Fang the Cleaver (Gargoyle Berserker)                Turns: 691, Time: 00:01:25

Health: -13/65     AC: 10    Str: 23    XL:     9   Next: 35%
Magic:  9/9        EV: 17    Int:  9    God:    Trog [******]
Gold:   0          SH:  0    Dex:  9    Spells: 8/8 levels left

rFire    . . .     SeeInvis .   m - +3 war axe (chop)
rCold    . . .     Gourm    .   (no shield)
rNeg     + . .     Faith    .   b - +0 animal skin
rPois    ∞         Spirit   .   (no helmet)
rElec    +         Reflect  .   (no cloak)
rCorr    .         Harm     .   (no gloves)
MR       .....     NoTele   +   (no boots)
Stlth    ++........             (no amulet)
HPRegen  0.20/turn              a - +2 ring of evasion
MPRegen  0.11/turn              n - +2 ring of protection

@: berserk cooldown, slowed, very slow
A: negative energy resistance 1, electricity resistance, unbreathing,
petrification resistance, rot immunity, AC +6
a: Berserk, Trog's Hand, Brothers in Arms, Burn Spellbooks, Renounce Religion


You were in the Dungeon.
You worshipped Trog.
Trog was exalted by your worship.
You were very hungry.

You visited 1 branch

Inventory:

Hand Weapons
 m - a +3 war axe of chopping (weapon)
Missiles
 o - 8 poisoned javelins (quivered)
Armour
 b - a +0 animal skin (worn)
Jewellery
 a - a +2 ring of evasion (left hand)
 n - a +2 ring of protection (right hand)
Wands
 l - a wand of iceblast (10)
Scrolls
 i - 3 scrolls of blinking
 k - 6 scrolls of remove curse
 r - a scroll of fear
 s - 2 scrolls of enchant weapon
Potions
 d - 8 potions of curing
 e - 5 potions of heal wounds
 f - a potion of haste
 g - 4 potions of magic
 h - a potion of berserk rage
 j - a potion of invisibility
 p - a potion of might
Miscellaneous
 q - a phial of floods
Comestibles
 c - a ration


   Skills:
 + Level 12.0 Fighting
 + Level 13.8 Axes
 + Level 4.1 Armour
 + Level 7.2 Dodging
 + Level 1.6 Stealth


You had 8 spell levels left.
You didn't know any spells.

Dungeon Overview and Level Annotations

Branches:
Dungeon (1/1)

Altars:
Cheibriados
Dithmenos
Elyvilon
Fedhas
Gozag
Hepliaklqana
Kikubaaqudgha
Makhleb
Nemelex Xobeh
Okawaru
Qazlal
Ru
Sif Muna
Trog
Uskayaw
Vehumet
Wu Jian
Xom
Yredelemnul
Zin
The Shining One
Beogh
Jiyva
Lugonu


Innate Abilities, Weirdness & Mutations

You are resistant to torment.
Your stone body is resilient. (AC +6)
You are immune to poison.
You resist negative energy. (rN+)
You are resistant to electric shocks. (rElec)
You can survive without breathing.
You are immune to petrification.
You are immune to rotting.


Message History

The spiny frog stings you!!
You are too injured to fight recklessly!
Unknown command.
Unknown command.
Unknown command.
You are too injured to fight recklessly!
Unknown command.
You are too injured to fight recklessly!
Unknown command.
You are too injured to fight recklessly!
You are too injured to fight recklessly!
You hit the spiny frog.
The spiny frog is lightly wounded.
The spiny frog stings you!
* * * LOW HITPOINT WARNING * * *
The spiny frog barely misses you.
You hit the spiny frog but do no damage.
The spiny frog is lightly wounded.
The spiny frog stings you!
You die...

▓_▓.▓
▓_▓.▓.▓
▓_▓.▓.▓
▓_▓.▓.▓
▓_▓.▓.▓
▓_▓.▓.▓
▓_▓.▓.▓
▓_▓.▓F▓
▓_▓.▓@▓
▓_▓.▓.▓
▓_▓.▓.▓
▓_▓.▓.▓
▓_▓.▓.▓
▓'▓.▓.▓
▓.▓.▓!▓
▓.▓.▓.▓
▓.▓.▓[▓


You could see a spiny frog.

Vanquished Creatures
  2 spiny frogs (D)
  A hippogriff (D)
  A slime creature (D)
  A wyvern (D)
  2 yaks (D)
  A porcupine (D)
  A water moccasin (D)
  An ice beast (D)
  An orc warrior (D)
  An eye of draining (D)
  A sky beast (D)
  A crocodile (D)
  A bullfrog (D)
  A killer bee (D)
  2 crimson imps (D)
  An adder (D)
  2 orcs (D)
  A bat skeleton (D)
  3 giant cockroaches (D)
  A hobgoblin (D)
  3 kobolds (D)
  A rat (D)
30 creatures vanquished.

Notes
Turn   | Place    | Note
-------+----------+-------------------------------------------
     0 | D        | Fang the Gargoyle Berserker began the quest for the Orb.
     0 | D        | Reached XP level 1. HP: 14/14 MP: 1/1
     7 | D        | Reached skill level 3 in Axes
    11 | D        | Reached ** piety under Trog
    23 | D        | Noticed an ice beast
    29 | D        | Reached *** piety under Trog
    29 | D        | Reached XP level 2. HP: 20/20 MP: 2/2
    40 | D        | Killed an ice beast
    40 | D        | Reached skill level 6 in Axes
    40 | D        | Reached XP level 3. HP: 23/28 MP: 3/3
    40 | D        | Reached XP level 4. HP: 27/32 MP: 4/4
   162 | D        | Found a roughly hewn altar of Beogh.
   162 | D        | Found a snail-covered altar of Cheibriados.
   162 | D        | Found a shadowy altar of Dithmenos.
   162 | D        | Found a white marble altar of Elyvilon.
   162 | D        | Found a blossoming altar of Fedhas.
   162 | D        | Found an opulent altar of Gozag.
   163 | D        | Found a hazy altar of Hepliaklqana.
   164 | D        | Found a viscous altar of Jiyva.
   165 | D        | Found an ancient bone altar of Kikubaaqudgha.
   166 | D        | Found a corrupted altar of Lugonu.
   167 | D        | Found a burning altar of Makhleb.
   168 | D        | Found a sparkling altar of Nemelex Xobeh.
   169 | D        | Found an iron altar of Okawaru.
   170 | D        | Found a stormy altar of Qazlal.
   171 | D        | Found a sacrificial altar of Ru.
   172 | D        | Found a deep blue altar of Sif Muna.
   173 | D        | Found a bloodstained altar of Trog.
   174 | D        | Found a hide-covered altar of Uskayaw.
   175 | D        | Found a radiant altar of Vehumet.
   176 | D        | Found an ornate altar of the Wu Jian Council.
   177 | D        | Found a shimmering altar of Xom.
   178 | D        | Found a basalt altar of Yredelemnul.
   179 | D        | Found a glowing silver altar of Zin.
   180 | D        | Found a glowing golden altar of the Shining One.
   209 | D        | Noticed an eye of draining
   217 | D        | Reached **** piety under Trog
   217 | D        | Reached skill level 7 in Axes
   217 | D        | Reached XP level 5. HP: 38/38 MP: 0/5
   234 | D        | Killed an eye of draining
   234 | D        | Reached skill level 8 in Axes
   234 | D        | Reached XP level 6. HP: 27/45 MP: 1/6
   239 | D        | Reached ***** piety under Trog
   239 | D        | Reached skill level 9 in Axes
   397 | D        | Noticed a yak
   397 | D        | Noticed a slime creature
   397 | D        | Noticed an orc warrior
   397 | D        | Noticed a sky beast
   397 | D        | Noticed a hippogriff
   401 | D        | Killed a hippogriff
   401 | D        | Reached skill level 10 in Axes
   401 | D        | Reached skill level 5 in Dodging
   401 | D        | Reached XP level 7. HP: 51/51 MP: 7/7
   402 | D        | Received a gift from Trog
   409 | D        | Killed a slime creature
   409 | D        | Reached skill level 10 in Fighting
   410 | D        | Reached skill level 11 in Axes
   413 | D        | Reached XP level 8. HP: 58/58 MP: 8/8
   418 | D        | Killed a yak
   654 | D        | Noticed a wyvern
   654 | D        | Noticed a spiny frog
   658 | D        | Reached skill level 12 in Axes
   659 | D        | Noticed a yak
   662 | D        | Noticed a spiny frog
   663 | D        | Noticed a spiny frog
   666 | D        | Killed a spiny frog
   670 | D        | Reached skill level 1 in Stealth
   672 | D        | Reached skill level 13 in Axes
   676 | D        | Killed a wyvern
   676 | D        | Reached XP level 9. HP: 62/65 MP: 9/9
   679 | D        | Reached ****** piety under Trog
   687 | D        | Killed a spiny frog
   687 | D        | Received a gift from Trog
   691 | D        | Mangled by a spiny frog

Skill      XL: |  1  2  3  4  5  6  7  8  9 |
---------------+----------------------------+-----
Axes           | 3 6 7 8 10 11 13 | 13.8
Fighting       | 4 6 7 8 9 10 11 12 | 12.0
Armour         | 3 4 |  4.1
Dodging        | 3 4 5 6 7 |  7.2
Stealth        | 1 |  1.6

Action                   |  1- 3 |  4- 6 |  7- 9 || total
-------------------------+-------+-------+-------++-------
Melee: Hand axe          |    28 |     2 |       ||    30
       War axe           |       |    31 |    49 ||    80
Invok: Berserk           |     1 |     2 |     1 ||     4
  Eat: Chunk             |       |       |     2 ||     2
Armor: Animal skin       |     6 |    10 |     8 ||    24
Dodge: Dodged            |    12 |    20 |    16 ||    48
